 Dungeon Crawl Stone Soup version 0.19.0-9-gfd783f2 (webtiles) character file.

33 Pepeogr the Magician (level 3, 0/24 HPs)
             Began as a Demonspawn Wizard on Nov 7, 2016.
             Succumbed to a goblin's poison
             ... on level 1 of the Dungeon.
             The game lasted 00:06:31 (1658 turns).

Pepeogr the Magician (Demonspawn Wizard)            Turns: 1658, Time: 00:06:32

Health: 0/24       AC:  2    Str:  7    XL:     3   Next: 12%
Magic:  7/8        EV: 12    Int: 20    God:
Gold:   77         SH:  0    Dex: 11    Spells: 2 memorised, 6 levels left

rFire  . . .     SeeInvis .     e - +0 whip
rCold  . . .     Gourm    .     a - +0 robe
rNeg   . . .     Faith    .     (no shield)
rPois  .         Spirit   .     b - +0 hat
rElec  .         Reflect  .     (no cloak)
rCorr  .         Harm     .     (no gloves)
MR     .....                    (no boots)
Stlth  ++........               g - amulet of magic regeneration
                                (no ring)
                                (no ring)

@: lethally poisoned (0 -> -5), very slightly contaminated, invisible
A: powered by pain 1
a: no special abilities


You were on level 1 of the Dungeon.
You were not hungry.

You visited 1 branch of the dungeon, and saw 2 of its levels.

You collected 77 gold pieces.

Inventory:

Hand Weapons
 e - a +0 whip (weapon)
Armour
 a - a +0 robe (worn)
 b - a +0 hat (worn)
Jewellery
 g - an amulet of magic regeneration (around neck)
Scrolls
 f - a scroll of remove curse
Books
 c - a book of Minor Magic

   Spells                             Type                      Level
   a - Magic Dart                     Conjuration                  1
   b - Blink                          Translocation                2
   c - Call Imp                       Summoning                    2
   d - Repel Missiles                 Charms/Air                   2
   e - Slow                           Hexes                        2
   f - Conjure Flame                  Conjuration/Fire             3
   g - Mephitic Cloud                 Conjuration/Poison/Air       3


   Skills:
 + Level 0.3 Maces & Flails
 + Level 2.0 Dodging
 + Level 1.9 Stealth
 + Level 3.5 Spellcasting
 * Level 1.6 Conjurations
 + Level 1.0 Summonings
   Level 0.8 Translocations


You had 6 spell levels left.
You knew the following spells:

 Your Spells              Type           Power        Failure   Level  Hunger
a - Magic Dart            Conj           #...         10%         1    None
b - Call Imp              Summ           #.......     17%         2    ##.....


Dungeon Overview and Level Annotations

Branches:
Dungeon (2/15)

Altars:


Innate Abilities, Weirdness & Mutations

You sometimes gain a little power by taking damage.


Message History

* * * LOW HITPOINT WARNING * * *
* * * LOW HITPOINT WARNING * * *
You feel sick.
The hobgoblin hits you but does no damage.
Your magical contamination has completely faded away.
There is a stone staircase leading up here.
* * * LOW HITPOINT WARNING * * *
You feel sick. The hobgoblin completely misses you.
The goblin barely misses you.
The giant cockroach waves its antennae.
You climb upwards.
* * * LOW HITPOINT WARNING * * *
You feel sick.
There is a stone staircase leading down here.
You fade into invisibility!
The goblin hits you but does no damage. The hobgoblin barely misses you.
You are very lightly contaminated with residual magic.
* * * LOW HITPOINT WARNING * * *
You feel sick.
You die...

#.##.............# #..#.#.#
#.##.#)########..# #....#.#
#.##.#....## #..# #.#.##.#
#..........####..###.#.##.#
..........................#
####.#.....#####g......##.#######
#.#..........g................
#.#........)......#..........)
#.###########@################
#.............# ###############


You could see a hobgoblin and a goblin (wandering).

Vanquished Creatures
  2 dart slugs (D:1)
  3 leopard geckos (D:1)
  3 ball pythons (D:1)
  2 goblins (D:1)
  4 hobgoblins
  2 bats (D:1)
  4 frilled lizards
  3 kobolds (D:1)
  4 rats (D:1)
27 creatures vanquished.

Notes
Turn   | Place    | Note
-------+----------+-------------------------------------------
     0 | D:1      | Pepeogr the Demonspawn Wizard began the quest for the Orb.
     0 | D:1      | Reached XP level 1. HP: 13/13 MP: 4/4
   505 | D:1      | Gained mutation: You sometimes gain a little power by taking damage. [demonic ancestry]
   505 | D:1      | Reached XP level 2. HP: 16/19 MP: 6/6
   905 | D:1      | Learned a level 2 spell: Call Imp
  1513 | D:1      | Reached XP level 3. HP: 14/24 MP: 8/8
  1656 | D:1      | HP: 1/24 [poisoned by a goblin]
  1658 | D:1      | Succumbed to a goblin's poison

Skill      XL: |  1  2 |
---------------+-------+-----
Dodging        | 2 |  2.0
Maces & Flails | |  0.3
Stealth        | |  1.9
Spellcasting   | |  3.5
Conjurations   | |  1.6
Summonings     | |  1.0
Translocations | |  0.8

Action                   || total
-------------------------++-------
Melee: Whip              ||    76
       Unarmed           ||     4
 Cast: Magic Dart        ||    31
       Call Imp          ||     1
  Use: Potion            ||     2
       Scroll            ||     1
  Eat: Bread ration      ||     1
Armor: Robe              ||    20
Dodge: Dodged            ||    70
